 Dungeon Crawl Stone Soup version 0.27-a0-1591-gc56fcc985a (webtiles) character file.

Game seed: 16767370480020608150

83 pokeman the Magician (level 4, -4/37 HPs)
             Began as a Deep Elf Hedge Wizard on July 19, 2021.
             Slain by Crazy Yiuf (7 damage)
             ... on level 2 of the Dungeon.
             The game lasted 00:02:55 (2741 turns).

pokeman the Magician (Deep Elf Hedge Wizard)        Turns: 2741, Time: 00:02:56

Health: -4/37      AC:  2    Str:  7    XL:     4   Next: 22%
Magic:  2/13       EV: 12    Int: 20    God:
Gold:   63         SH:  0    Dex: 14    Spells: 3/14 levels left

rFire    . . .     SeeInvis .   f - +2 dagger (venom)
rCold    . . .     Faith    .   (no shield)
rNeg     . . .     Spirit   .   b - +0 robe
rPois    .         Reflect  .   c - +0 hat
rElec    .         Harm     .   (no cloak)
rCorr    .         Rampage  .   (no gloves)
Will     .....                  (no boots)
Stlth    ..........             (no amulet)
HPRegen  0.12/turn              (no ring)
MPRegen  0.13/turn              (no ring)

@: berserking, very slightly contaminated, very quick
A: no striking features
a: no special abilities


You were on level 2 of the Dungeon.
You visited 1 branch of the dungeon, and saw 2 of its levels.

You collected 63 gold pieces.

Inventory:

Hand Weapons
 f - a +2 dagger of venom (weapon)
Armour
 b - a +0 robe (worn)
 c - a +0 hat (worn)
 k - a +0 buckler
Scrolls
 a - a scroll of fog {unknown}
 e - 4 scrolls of identify {unknown}
 h - a scroll of enchant armour {unknown}
 l - a scroll of teleportation {unknown}
Potions
 d - a potion of berserk rage {unknown}
 g - a potion of cancellation {unknown}
 i - a potion of curing {unknown}
 j - a potion of invisibility {unknown}


   Skills:
 - Level 1.0 Fighting
 - Level 1.0 Armour
 + Level 2.7 Dodging
 - Level 2.4 Stealth
 * Level 5.6 Spellcasting
 + Level 2.1 Conjurations
 - Level 1.1 Summonings
 - Level 1.1 Translocations
 + Level 0.3 Fire Magic


You had 3 spell levels left.
You knew the following spells:

 Your Spells              Type           Power      Damage    Failure   Level
a - Magic Dart            Conj           56%        1d5       4%          1
b - Mephitic Cloud        Conj/Pois/Air  8%         N/A       24%         3
c - Call Imp              Summ           10%        N/A       11%         2
d - Blink                 Tloc           N/A        N/A       11%         2
e - Conjure Flame         Conj/Fire      10%        6-21      21%         3

Your spell library contained the following spells:

 Spells                   Type           Power      Damage    Failure   Level
 Slow                     Hex            5%         N/A       17%         2
 Confusing Touch          Hex            5%         N/A       32%         3
 Yara's Violent Unravell  Hex/Tmut       2%         3d3       97%         5


Dungeon Overview and Level Annotations

Branches:
Dungeon (2/15)

Altars:

Annotations:
D:2 Crazy Yiuf


Message History

Crazy Yiuf barely misses your crimson imp.
Your crimson imp barely misses Crazy Yiuf.
Crazy Yiuf misses your crimson imp.
Your crimson imp hits Crazy Yiuf.
Your magical contamination has completely faded away.
Crazy Yiuf hits your crimson imp with a +2 quarterstaff of chaos.
Your crimson imp blinks!
Casting: Mephitic Cloud (extremely dangerous; 24% risk of failure)
Confirm with . or Enter, or press ? or * to list all spells.
The spell is extremely dangerous to cast (24% risk of failure)!
Continue anyway?
Aiming: Mephitic Cloud (extremely dangerous; 24% risk of failure)
Press: ? - help, Shift-Dir - straight line, f - Crazy Yiuf, p - crimson imp
Aim: Crazy Yiuf, wielding a +2 quarterstaff of chaos and wearing a +0 cloak (moderately wounded, ally target, chance to affect: 86%)
You miscast Mephitic Cloud.
You are very lightly contaminated with residual magic.
Energy rips through your body!
Casting: Mephitic Cloud (extremely dangerous; 24% risk of failure)
Confirm with . or Enter, or press ? or * to list all spells.
The spell is extremely dangerous to cast (24% risk of failure)!
Continue anyway?
Aiming: Mephitic Cloud (extremely dangerous; 24% risk of failure)
Press: ? - help, Shift-Dir - straight line, f/p - Crazy Yiuf
Aim: Crazy Yiuf, wielding a +2 quarterstaff of chaos and wearing a +0 cloak (lightly wounded, ally target, chance to affect: 86%)
You miscast Mephitic Cloud.
Nothing appears to happen.
Crazy Yiuf cries, "Buddy eyeball song!"
Unknown command.
You closely miss Crazy Yiuf.
Crazy Yiuf is lightly wounded.
Unknown command.
You hit Crazy Yiuf.
Crazy Yiuf is heavily wounded.
Crazy Yiuf hits you with a +2 quarterstaff of chaos!
Ouch! That really hurt!
* * * LOW HITPOINT WARNING * * *
A red film seems to cover your vision as you go berserk!
You feel yourself moving faster!
You feel mighty!
Your crimson imp hits Crazy Yiuf but does no damage.
Unknown command.
You hit Crazy Yiuf.
Crazy Yiuf is poisoned.
Crazy Yiuf is severely wounded.
Crazy Yiuf hits you with a +2 quarterstaff of chaos!
You die...

.#....[..# #####
.#.......# #)..#
.#.......# #...#
.........# ...
.........# #'#
.........# ♣.♣♣
..<...#### ♣♣5♣
.........# ♣g♣♣
.........# ♣♣@♣
.........# ♣♣.♣♣
......#..# ♣♣P♣.♣
......#..# ♣PPP.♣
......#..# #....#
##)>.....####....#
#..............##
##.......###...##
#........# #####


You could see Crazy Yiuf (very poisoned, ally target) and a friendly crimson imp
(summoned, strong).

Vanquished Creatures
  3 adders (D:2)
  A worm (D:2)
  A dart slug (D:2)
  7 ball pythons
  3 endoplasms
  2 giant cockroaches
  4 goblins
  6 hobgoblins
  4 jackals
  7 kobolds
  A quokka (D:1)
  4 bats
  A frilled lizard (D:2)
  3 rats
47 creatures vanquished.

Vanquished Creatures (others)
  A fungus (D:2)
1 creature vanquished.

Grand Total: 48 creatures vanquished

Notes
Turn   | Place    | Note
-------+----------+-------------------------------------------
     0 | D:1      | pokeman the Deep Elf Hedge Wizard began the quest for the
                  | Orb.
     0 | D:1      | Reached XP level 1. HP: 10/10 MP: 7/7
   189 | D:1      | Reached XP level 2. HP: 12/16 MP: 0/9
   883 | D:1      | Reached skill level 5 in Spellcasting
  1389 | D:2      | Reached XP level 3. HP: 20/20 MP: 6/11
  1393 | D:2      | Learned a level 3 spell: Mephitic Cloud
  1396 | D:2      | Learned a level 2 spell: Call Imp
  1399 | D:2      | Learned a level 2 spell: Blink
  1403 | D:2      | Learned a level 3 spell: Conjure Flame
  1882 | D:2      | Reached skill level 1 in Armour
  1950 | D:2      | Reached skill level 1 in Fighting
  2235 | D:2      | Reached XP level 4. HP: 20/25 MP: 6/13
  2723 | D:2      | Found a runed translucent door.
  2724 | D:2      | Noticed Crazy Yiuf
  2741 | D:2      | Slain by Crazy Yiuf

Illustrated notes

Levels and vault maps discovered:
D:1:      dpeg_arrival_leaves_temple_mockup, layout_basic, serial_bayou_crossing
D:2:      layout_basic, serial_curves, eino_curves_01, eino_curves_03,
          eino_curves_01, uniq_crazy_yiuf_cottage

Skill      XL: |  1  2  3 |
---------------+----------+-----
Spellcasting   | 5 |  5.6
Armour         | 1 |  1.0
Conjurations   | 2 |  2.1
Fighting       | 1 |  1.0
Dodging        | |  2.7
Stealth        | |  2.4
Summonings     | |  1.1
Translocations | |  1.1
Fire Magic     | |  0.3

Action                   |  1- 3 |  4- 6 || total
-------------------------+-------+-------++-------
Melee: Dagger            |     1 |     7 ||     8
 Cast: Magic Dart        |   118 |    14 ||   132
       Mephitic Cloud    |       |     1 ||     1
       Call Imp          |       |     1 ||     1
Armor: Robe              |     3 |       ||     3
Dodge: Dodged            |    15 |       ||    15

Table legend: (Time is in decaauts)
 A = Elapsed time spent in this place.
 B = Non-inter-level travel time spent in this place.
 C = Inter-level travel time spent in this place.
 D = Time resting spent in this place.
 E = Time spent auto-exploring this place.
 F = Levels seen in this place.
 G = Mean time per level.
                   A        B        C        D        E       F      G
               +--------+--------+--------+--------+--------+-----+--------+
         Total |   2748 |   2746 |      2 |    177 |   2300 |   2 | 1374.0 |
       Dungeon |   2748 |   2746 |      2 |    177 |   2300 |   2 | 1374.0 |
               +--------+--------+--------+--------+--------+-----+--------+

Top non-repeatable levels by time:
     D:2: 1408 daAuts
     D:1: 1339 daAuts
